 Dungeon Crawl Stone Soup version 0.16-a0-1301-gf74d490 (console) character file.

110 Orcus the Ogre Mage (level 4, 0/40 HPs)
             Began as an Ogre Fire Elementalist on Oct 15, 2014.
             Slain by an adder (4 damage)
             ... on level 3 of the Dungeon.
             The game lasted 00:09:01 (1243 turns).

Orcus the Ogre Mage (Ogre Fire Elementalist)        Turns: 1243, Time: 00:09:01

Health: 0/40       AC:  3    Str: 14    XL:     4   Next: 91%
Magic:  0/8        EV: 10    Int: 14    God:
Gold:   105        SH:  0    Dex: 10    Spells: 1 memorised, 8 levels left

rFire  . . .     SeeInvis .     n - +0 mace (curse)
rCold  . . .     Clarity  .     a - +0 robe
rNeg   . . .     SustAb   .     (shield restricted)
rPois  .         Gourm    .     (helmet restricted)
rElec  .         Spirit   .     (no cloak)
rCorr  .         Warding  .     (gloves unavailable)
rMut   .         Stasis   .     (boots unavailable)
MR     .....                    (no amulet)
Stlth  +.........               (no ring)
                                (no ring)

@: very slightly contaminated, not resistant to hostile enchantments, very
unstealthy
A: unfitting armour, blurry vision 1, breathe flames 1, low mp 1, tough skin 1
a: Breathe Fire


You were on level 3 of the Dungeon.
You were not hungry.

You visited 1 branch of the dungeon, and saw 3 of its levels.

You collected 105 gold pieces.

Inventory:

Hand weapons
 k - a +0 club
 n - a cursed +0 mace (weapon)
Missiles
 e - 7 poisoned needles
 i - 2 needles of slowing
Armour
 a - a +0 robe (worn)
Scrolls
 d - a scroll of identify {unknown}
 f - a scroll of fear {unknown}
 g - a scroll of teleportation {unknown}
 j - a scroll of remove curse {unknown}
 l - a scroll of magic mapping {unknown}
 o - 2 scrolls of recharging {unknown}
 p - a scroll of enchant armour {unknown}
Potions
 h - a potion of curing
 q - a potion of decay {unknown}
Books
 b - a book of Flames

   Spells                             Type                      Level
   *Flame Tongue                      Conjuration/Fire             1
   Throw Flame                        Conjuration/Fire             2
   Conjure Flame                      Conjuration/Fire             3
   Inner Flame                        Hexes/Fire                   3
   Sticky Flame                       Conjuration/Fire             4
   Fireball                           Conjuration/Fire             5
Comestibles
 c - a meat ration
 m - a bread ration


   Skills:
 + Level 0.6 Fighting
 * Level 2.0 Maces & Flails
 + Level 2.2 Dodging
 + Level 1.9 Stealth
 + Level 3.0 Spellcasting
 * Level 1.5 Conjurations
 * Level 2.7 Fire Magic


You had 8 spell levels left.
You knew the following spells:

 Your Spells              Type           Power        Failure   Level  Hunger
a - Flame Tongue          Conj/Fire      #....        12%         1    #......


Dungeon Overview and Level Annotations

Branches:
Dungeon (3/15)

Altars:
Trog


Innate Abilities, Weirdness & Mutations

You are too large for most types of armour.
You have tough skin (AC +1).
Your vision is a little blurry.
You can breathe flames.
Your magical capacity is low (-10% MP).


Message History

Press: ? - help, Shift-Dir - straight line, f - adder
Aim: an adder The flame tongue misses the adder.
The adder barely misses you.
Casting: Flame Tongue
Confirm with . or Enter, or press ? or * to list all spells.
Aiming: Flame Tongue
Press: ? - help, Shift-Dir - straight line, f/p - adder
Aim: an adder The flame tongue hits the adder.
The adder is lightly wounded.
The adder bites you.
* * * LOW HITPOINT WARNING * * *
Casting: Flame Tongue
Confirm with . or Enter, or press ? or * to list all spells.
Aiming: Flame Tongue
Press: ? - help, Shift-Dir - straight line, f/p - adder
Aim: an adder (lightly wounded)
The flame tongue misses the adder.
The adder barely misses you. The adder bites you.
You die...

# ## ##.
..
..##.###
#.....#
..... #..#
#@# #S...#
...###
.....
>...#.#
...#....
...##>....
.# #.....
#..


You could see an adder.

Vanquished Creatures
  6 adders
  2 worms (D:2)
  3 giant geckos (D:3)
  2 oozes
  An orc (D:3)
  2 bats (D:1)
  3 giant cockroaches (D:1)
  6 goblins
  3 hobgoblins
  4 kobolds
  2 giant newts
  5 rats
39 creatures vanquished.

Notes
Turn   | Place    | Note
--------------------------------------------------------------
     0 | D:1      | Orcus, the Ogre Fire Elementalist, began the quest for the Orb.
     0 | D:1      | Reached XP level 1. HP: 16/16 MP: 3/3
     0 | D:1      | welcome!
   209 | D:1      | Reached skill level 1 in Conjurations
   211 | D:1      | Reached XP level 2. HP: 15/24 MP: 1/5
   640 | D:2      | Reached XP level 3. HP: 19/31 MP: 0/6
   691 | D:2      | Reached skill level 1 in Maces & Flails
   843 | D:2      | Gained mutation: Your vision is a little blurry. [potion of mutation]
   843 | D:2      | Gained mutation: You can breathe flames. [potion of mutation]
   843 | D:2      | Gained mutation: Your magical capacity is low (-10% MP). [potion of mutation]
   850 | D:2      | Reached XP level 4. HP: 5/40 MP: 0/7
  1071 | D:3      | Reached skill level 3 in Spellcasting
  1126 | D:3      | Found a bloodstained altar of Trog.
  1219 | D:3      | HP: 2/40 [orc (3)]
  1243 | D:3      | Slain by an adder

Action                   |  1- 3 |  4- 6 || total
-------------------------+-------+-------++-------
Melee: Unarmed           |    12 |       ||    12
       Club              |    13 |       ||    13
       Mace              |    29 |    17 ||    46
 Cast: Flame Tongue      |    37 |    33 ||    70
  Use: Potion            |     4 |     1 ||     5
 Stab: Sleeping          |     1 |       ||     1
  Eat: Chunk             |       |     2 ||     2
